AoeStats
← Gangsta's Paradise

Arena

505914500Analyzed
4v4 RM · 20d ago on Sep 11, 2026· 76m 4s· 8 players
Game mode
Random Map
Map size
Large (8 player)
Population
200
Speed
Normal
Resources
Standard
Victory
Conquest
Starting age
Dark Age
Ending age
Imperial Age
RankedLock teamsTeams togetherTeam positionsShared explorationLock speedFull tech treeHidden civsTurbo modeCheats
Victory
Defeat
🇪🇸 Tupi · Spain
815
+14
🇭🇰 Byzantines · Hong Kong SAR China
800
+15
🇬🇧 Malay · United Kingdom
732
+18
🇭🇰 Teutons · Hong Kong SAR China
704
+19
🇪🇸 Franks · Spain
789
-17
🇪🇸 Turks · Spain
782
-17
🇫🇷 Vietnamese · France
761
-16
🇪🇸 Lithuanians · Spain
759
-16
FestiSaumon
10:51 Feudal Age
10:33 Loom
11:20 Double-Bit Axe
11:42 Horse Collar
13:40 Town Watch
18:52 Stone Mining
21:42 Castle Age
20:01 Gold Mining
21:25 Padded Archer Armor
21:27 Scale Mail Armor
22:42 Crossbowman
24:37 Bow Saw
28:11 Heavy Plow
29:32 Stone Shaft Mining
29:14 Forging
28:54 Fletching
31:48 Thumb Ring
34:10 Pikeman
34:50 Squires
36:41 Murder Holes
36:57 Fortified Wall
37:10 Ballistics
41:04 Imperial Age
44:33 Arbalester
Cruzcerro3
5:43 Loom
13:15 Feudal Age
17:47 Castle Age
20:51 Caravan
27:10 Horse Collar
28:09 Ballistics
27:46 Double-Bit Axe
28:26 Town Watch
29:17 Wheelbarrow
29:03 Murder Holes
31:05 Bow Saw
33:42 Imperial Age
33:12 Gold Mining
33:13 Stone Mining
33:27 Town Patrol
33:43 Hand Cart
33:50 Fortified Wall
33:51 Masonry
35:03 Conscription
34:51 Artillery
36:17 Gold Shaft Mining
36:46 Hoardings
37:16 Two-Man Saw
36:20 Heavy Plow
36:14 Fletching
36:25 Padded Archer Armor
36:42 Bloodlines
36:42 Husbandry
37:06 Thumb Ring
40:22 Forging
40:09 Bodkin Arrow
41:05 Leather Archer Armor
40:54 Bracer
43:12 Ring Archer Armor
62:47 Heavy Camel Rider
67:05 Forging
67:01 Scale Barding Armor
jfmoreno23
0:49 Loom
13:32 Feudal Age
20:17 Castle Age
18:32 Arson
27:53 Husbandry
28:04 Bloodlines
28:06 Scale Barding Armor
28:02 Scale Mail Armor
28:12 Forging
29:29 Treadmill Crane
29:46 Murder Holes
30:01 Fortified Wall
30:03 Masonry
30:36 Wheelbarrow
31:12 Chain Barding Armor
31:07 Chain Mail Armor
36:56 Imperial Age
35:19 Horse Collar
35:34 Double-Bit Axe
37:03 Cavalier
38:48 Iron Casting
39:07 Bow Saw
53:14 Elite Skirmisher
54:35 Padded Archer Armor
54:25 Fletching
61:08 Town Watch
Selu
1:07 Loom
12:31 Feudal Age
15:34 Double-Bit Axe
18:10 Castle Age
17:58 Forging
19:02 Scale Barding Armor
25:04 Bow Saw
29:46 Imperial Age
28:01 Gold Mining
28:50 Husbandry
29:42 Murder Holes
32:16 Wheelbarrow
32:08 Chain Barding Armor
32:56 Cavalier
34:10 Pikeman
35:31 Hand Cart
36:34 Gold Shaft Mining
37:16 Plate Barding Armor
37:17 Iron Casting
36:32 Fletching
37:48 Halberdier
40:36 Blast Furnace
39:37 Scale Mail Armor
40:01 Arson
40:17 Squires
41:04 Paladin
42:30 Chivalry
42:59 #83
43:00 Conscription
42:01 Elite Throwing Axeman
42:50 Padded Archer Armor
43:23 Light Cavalry
53:15 Chain Mail Armor
53:15 Leather Archer Armor
52:55 Bodkin Arrow
53:35 Fortified Wall
57:06 Guard Tower
57:37 Ballistics
57:29 Masonry
60:07 Chemistry
58:55 Arrowslits
59:49 Plate Mail Armor
61:32 Architecture
Gangsta's Paradise
1:49 Loom
13:14 Feudal Age
13:39 Double-Bit Axe
13:40 Horse Collar
21:12 Castle Age
20:20 Wheelbarrow
24:02 Hand Cart
24:00 Bow Saw
23:54 Heavy Plow
23:50 Stone Mining
25:33 Caravan
26:25 Gold Mining
31:12 Fletching
33:46 Murder Holes
39:38 Imperial Age
41:44 Scale Barding Armor
41:51 Forging
41:40 Bodkin Arrow
42:13 Conscription
42:47 Logistica
45:13 Husbandry
44:34 Cavalier
45:39 Chain Barding Armor
45:56 Iron Casting
45:25 Bracer
44:50 Elite Cataphract
46:25 Guilds
48:55 Plate Barding Armor
47:53 Paladin
62:39 Scale Mail Armor
62:40 Padded Archer Armor
63:47 Chemistry
63:08 Ballistics
62:59 Fortified Wall
66:46 Light Cavalry
69:03 Hussar
gcc
0:29 Loom
13:05 Feudal Age
14:41 Wheelbarrow
17:20 Castle Age
15:28 Double-Bit Axe
16:03 Horse Collar
17:27 Stone Mining
17:35 Gold Mining
19:32 Bow Saw
25:50 Heavy Plow
30:45 Stone Shaft Mining
30:22 Scale Mail Armor
32:12 Forging
32:08 Scale Barding Armor
33:27 Hand Cart
36:41 Imperial Age
37:02 Chain Mail Armor
37:23 Iron Casting
36:52 Cavalier
39:24 Paladin
45:48 Bloodlines
47:40 Elite Teutonic Knight
49:41 Two-Man Saw
51:07 Chain Barding Armor
52:13 Crop Rotation
69:05 Plate Mail Armor
69:35 Blast Furnace
adz0615
10:33 Feudal Age
10:16 Double-Bit Axe
16:20 Gold Mining
19:32 Castle Age
18:35 Crossbowman
21:15 Thumb Ring
25:50 Bow Saw
27:25 Treadmill Crane
28:36 Gold Shaft Mining
28:11 Horse Collar
29:26 Stone Mining
32:55 Imperial Age
33:16 Imperial Age
31:30 Wheelbarrow
32:57 Forging
32:39 Fletching
32:50 Padded Archer Armor
32:47 Arbalester
34:47 Hand Cart
35:16 Stone Shaft Mining
35:27 Forced Levy
34:53 Elite Karambit Warrior
36:03 Caravan
36:59 Iron Casting
36:21 Bodkin Arrow
37:19 Conscription
36:22 Man-at-Arms
37:30 Long Swordsman
38:10 Two-Handed Swordsman
40:34 Heavy Plow
47:08 Arson
47:23 Squires
47:19 Arson
47:35 Squires
49:09 Squires
48:58 Arson
53:42 Pikeman
Surfacegen
7:06 Loom
12:13 Feudal Age
16:06 Castle Age
16:01 Double-Bit Axe
15:57 Horse Collar
19:25 Bow Saw
22:38 Wheelbarrow
23:16 Heavy Plow
25:40 Treadmill Crane
25:56 Murder Holes
27:01 Fletching
27:11 Padded Archer Armor
27:10 Loom
27:41 Hand Cart
27:39 Pikeman
28:21 Squires
27:44 Champi Runner
28:09 Arson
28:13 Town Watch
33:34 Imperial Age
31:07 Town Patrol
32:16 Bodkin Arrow
32:36 Leather Archer Armor
32:32 Forging
32:22 Scale Mail Armor
33:35 Ballistics
33:19 Elite Skirmisher
33:20 Crossbowman
35:22 Two-Man Saw
34:39 Curare
34:54 Conscription
34:13 Capped Ram
35:34 Halberdier
36:33 Siege Ram
40:23 Iron Casting
40:03 Chain Mail Armor
39:49 Bracer
40:19 Ring Archer Armor
39:40 Elite Blackwood Archer
45:53 Plate Mail Armor
46:33 Champi Warrior
46:37 Elite Ibirapema Warrior
49:35 Elite Champi Warrior
59:28 Sanctity
65:20 Hoardings
65:52 Chemistry
65:05 Careening
65:35 Caciques
65:01 Sappers
69:50 Arbalester
Connection lost

Rejoining the realm…

Still unreachable

The connection could not be restored.

Session expired

The server has moved on; the page needs a fresh start.